 Dungeon Crawl Stone Soup version 0.31-a0-542-gdc2a67831c (console) character file.

Game seed: 4662989564908500839

93 Lexodia the Cudgeller (level 4, -2/45 HPs)
             Began as an Ogre Gladiator on Aug 14, 2023.
             Slain by an orc
             ... wielding a +0 club
              (4 damage)
             ... on level 1 of the Dungeon.
             The game lasted 00:01:52 (1420 turns).

Lexodia the Cudgeller (Ogre Gladiator)              Turns: 1420, Time: 00:01:53

Health: -2/45      AC:  3    Str: 20    XL:     4   Next: 62%
Magic:  4/4        EV: 10    Int:  9    God:
Gold:   135        SH:  0    Dex: 10    Spells: 3/3 levels left

rFire   . . .        a - +0 flail
rCold   . . .        (no shield)
rNeg    . . .        b - +0 robe
rPois   .            c - +0 hat
rElec   .            (no cloak)
rCorr   .            (gloves unavailable)
SInv    .            (boots unavailable)
Will    .....        (no amulet)
Stlth   +            (no ring)
HPRegen 0.27/turn    (no ring)
MPRegen 0.09/turn

%: no passive effects
@: no status effects
A: large, unfitting armour, tough skin 1
a: no special abilities


You were on level 1 of the Dungeon.
You visited 1 branch of the dungeon, and saw 2 of its levels.

You collected 135 gold pieces.

Inventory:

Hand Weapons
 a - a +0 flail (weapon)
 o - a +2 dagger of protection
Missiles
 d - 3 throwing nets (quivered)
 e - a large rock
 l - 15 stones
Armour
 b - a +0 robe (worn)
 c - a +0 hat (worn)
Jewellery
 g - a +6 ring of dexterity
Scrolls
 h - 2 scrolls of identify {unknown}
 i - a scroll of immolation {unknown}
 j - a scroll of revelation {unknown}
 k - a scroll of summoning {unknown}
Potions
 f - a potion of cancellation {unknown}
 m - a potion of heal wounds {unknown}
 n - a potion of experience {unknown}


   Skills:
 - Level 3.0 Fighting
 * Level 4.0 Maces & Flails
 + Level 3.0 Throwing
 - Level 3.0 Dodging


You had 3 spell levels left.
You didn't know any spells.
Your spell library contained the following spells:

 Spells                   Type           Power      Damage    Failure   Level
 Sting                    Tmut/Pois      0%         1d3       38%         1
 Poisonous Vapours        Pois/Air       0%         N/A       52%         2
 Olgreb's Toxic Radiance  Pois           0%         N/A       99%         4


Dungeon Overview and Level Annotations

Branches:
Dungeon (2/15)

Altars:


Innate Abilities, Weirdness & Mutations

You are too large for most types of armour.
You have tough skin. (AC +1)


Message History

The orc wizard is lightly wounded.
The orc wizard hits you with a +0 dagger.
The orc closely misses you. The orc completely misses you.
You hit the orc wizard.
The orc wizard is heavily wounded.
The orc wizard closely misses you. The orc barely misses you.
The orc hits you with a +0 club.
Damage: -9%(-4hp) hp: 45%(20hp)
You completely miss the orc wizard.
The orc wizard is heavily wounded.
The orc closely misses you.
The orc wizard hits you with a +0 dagger.
The orc barely misses you.
The orc wizard hits you but does no damage.
The orc hits you with a +0 club. The orc barely misses you.
Damage: -7%(-3hp) hp: 38%(17hp) Unknown command.
The orc attacks as you move away! The orc misses you.
The orc wizard gestures at you while chanting.
The magic dart hits you!
* * * LOW HITPOINT WARNING * * *
You see here a +0 long sword.
Huge Dmg: -24%(-11hp) hp: 16%(7hp)
The orc attacks as you move away! The orc closely misses you.
There is a stone staircase leading up here.
The orc hits you with a +0 club.
* * * LOW HITPOINT WARNING * * *
You climb upwards.
There is a stone staircase leading down here.
Huge Dmg: -4%(-2hp) hp: 12%(5hp)
You closely miss the orc. The orc hits you with a +0 club.
* * * LOW HITPOINT WARNING * * *
Huge Dmg: -7%(-3hp) hp: 5%(2hp)
You hit the orc but do no damage. The orc hits you but does no damage.
You barely miss the orc. The orc hits you with a +0 club.
* * * LOW HITPOINT WARNING * * *
Huge Dmg: -2%(-1hp) hp: 5%(2hp) Unknown command.
You closely miss the orc. The orc hits you with a +0 club.
You die...

#####.#.###.#####.#####...#..####
........................#.....# #
.............##########...#.#.# #
#####........# ##......# #
##.#...#.## #..#.#.# # #........#
####......# #.#####..#
#.......### #.#
#..#########.####### #.#
#..##.o@.......# #.#
#..##.######.#.# #.#####.....#
#.#.# #.......##### #.#.#########
#######.# #.#.......... #.#
#.########### #.# #####.#
#.######.....# #........#####


You could see an orc.

Vanquished Creatures
  Jessica (D:2)
  3 adders (D:2)
  A worm (D:2)
  2 dart slugs (D:2)
  4 bats
  4 giant cockroaches
  3 goblins
  3 hobgoblins
  A quokka (D:1)
  4 ball pythons
  2 frilled lizards (D:1)
  4 kobolds
  2 rats
34 creatures vanquished.

Notes
Turn   | Place    | Note
-------+----------+-------------------------------------------
     0 | D:1      | Lexodia the Ogre Gladiator began the quest for the Orb.
     0 | D:1      | Reached XP level 1. HP: 22/22 MP: 1/1
   166 | D:1      | Reached XP level 2. HP: 29/29 MP: 2/2
   461 | D:1      | Reached skill level 3 in Maces & Flails
   589 | D:1      | Huge Dmg: 7 dmg
   913 | D:2      | Reached XP level 3. HP: 37/37 MP: 3/3
  1169 | D:2      | Found a faded altar of an unknown god.
  1170 | D:2      | Noticed Jessica
  1172 | D:2      | Killed Jessica
  1173 | D:2      | Reached XP level 4. HP: 45/45 MP: 4/4
  1404 | D:2      | Reached skill level 4 in Maces & Flails
  1406 | D:2      | Huge Dmg: 10 dmg
  1413 | D:2      | Huge Dmg: 11 dmg
  1417 | D:1      | Huge Dmg: 2 dmg
  1417 | D:1      | HP: 2/45 [orc/+0 club (3)]
  1418 | D:1      | Huge Dmg: 3 dmg
  1420 | D:1      | Huge Dmg: 1 dmg
  1420 | D:1      | Slain by an orc

Illustrated notes

Levels and vault maps discovered:
D:1:      minmay_arrival_three_doors, layout_loops_ring, serial_glass,
          glass_columns_a, glass_columns_b, glass_columns_a, glass_columns_b,
          glass_columns_b, glass_columns_a, glass_columns_c, glass_columns_b,
          glass_columns_a, glass_columns_b, glass_columns_a, glass_columns_a,
          glass_columns_c, glass_columns_b
D:2:      layout_loops_ring, dreamdust_ecumenical_altar_angels_and_demons,
          grunt_ministairs_2, uniq_natasha, uniq_jessica

Skill      XL: |  1  2  3  4 |
---------------+-------------+-----
Fighting       | 3 |  3.0
Maces & Flails | 3 4 |  4.0
Dodging        | 3 |  3.0
Throwing       | 3 |  3.0

Action                     |  1- 3 |  4- 6 || total
---------------------------+-------+-------++-------
  Melee: Flail             |    96 |    17 ||   113
         Punch             |       |     1 ||     1
   Stab: Sleeping          |     1 |       ||     1
 Armour: Robe              |    36 |     4 ||    40
  Dodge: Dodged            |    55 |    15 ||    70

Table legend: (Time is in decaauts)
 A = Elapsed time spent in this place.
 B = Non-inter-level travel time spent in this place.
 C = Inter-level travel time spent in this place.
 D = Time resting spent in this place.
 E = Time spent auto-exploring this place.
 F = Levels seen in this place.
 G = Mean time per level.
                   A        B        C        D        E       F      G
               +--------+--------+--------+--------+--------+-----+--------+
         Total |   1447 |   1422 |     25 |      0 |   1160 |   2 |  723.5 |
       Dungeon |   1447 |   1422 |     25 |      0 |   1160 |   2 |  723.5 |
               +--------+--------+--------+--------+--------+-----+--------+

Top non-repeatable levels by time:
     D:1: 769 daAuts
     D:2: 677 daAuts
